 Dungeon Crawl Stone Soup version 0.23.2-1-ga50397a (webtiles) character file.

Game seed: 7726464784731299518

639 schauveau the Chopper (level 7, -5/44 HPs)
             Began as a Gargoyle Fighter on Apr 29, 2019.
             Splashed by Pikel's acid (10 damage)
             ... on level 4 of the Dungeon.
             The game lasted 00:05:21 (1998 turns).

schauveau the Chopper (Gargoyle Fighter)            Turns: 1998, Time: 00:05:22

Health: -5/44      AC: 10    Str: 21    XL:     7   Next: 51%
Magic:  7/7        EV:  9    Int:  9    God:
Gold:   81         SH:  0    Dex:  9    Spells: 6/6 levels left

rFire    . . .     SeeInvis .   a - +0 war axe
rCold    . . .     Gourm    .   (no shield)
rNeg     + . .     Faith    .   b - +0 scale mail
rPois    ∞         Spirit   .   (no helmet)
rElec    +         Reflect  .   k - +0 cloak
rCorr    .         Harm     .   (no gloves)
MR       .....                  d - +0 pair of boots
Stlth    ..........             (no amulet)
HPRegen  0.54/turn              (no ring)
MPRegen  0.10/turn              (no ring)

@: corroded
A: negative energy resistance 1, regeneration 1, electricity resistance,
unbreathing, evolution 1, petrification resistance, rot immunity, AC +4
a: no special abilities


You were on level 4 of the Dungeon.
You were not hungry.

You visited 1 branch of the dungeon, and saw 5 of its levels.

You collected 81 gold pieces.

Inventory:

Hand Weapons
 a - a +0 war axe (weapon)
 j - a +0 flail
Armour
 b - a +0 scale mail (worn)
 c - a +0 shield
 d - a +0 pair of boots (worn)
 k - a +0 cloak (worn)
Jewellery
 o - a +1 ring of evasion {unknown}
Scrolls
 g - a scroll of enchant weapon {unknown}
 h - 6 scrolls of identify {unknown}
 l - a scroll of blinking {unknown}
 n - a scroll of immolation {unknown}
Potions
 e - 2 potions of cancellation
 i - a potion of degeneration
Comestibles
 f - 7 rations


   Skills:
 + Level 5.4 Fighting
 * Level 5.4 Axes
 + Level 5.3 Armour
 - Level 3.2 Shields


You had 6 spell levels left.
You didn't know any spells.
Your spell library was empty.

Dungeon Overview and Level Annotations

Branches:
Dungeon (5/15)
 Temple: D:4-7

Altars:

Annotations:
D:4 2 transporters, Pikel


Innate Abilities, Weirdness & Mutations

You are resistant to torment.
Your stone body is resilient. (AC +4)
You are immune to poison.
You resist negative energy. (rN+)
You are resistant to electric shocks. (rElec)
You can survive without breathing.
You are immune to petrification.
You are immune to rotting.
Your natural rate of healing is unusually fast.
You evolve.


Message History

Level annotation: 2 transporters
There is a stone staircase leading up here.
You open the door.
A slave comes into view.
The slave shouts!
You hear a shout! x2
A slave comes into view.
Pikel the Slaver comes into view.
He is wielding a +0 whip of flaming and carrying a wand of acid (3).
The slave shouts!
Found a silvery potion.
Pikel zaps a wand.
The bolt of acid hits you!!
Ouch! That really hurt!
The acid corrodes you!
You are splashed with acid!
* * * LOW HITPOINT WARNING * * *
You see here a rat skeleton.
Pikel waves his whip at you.
There is a stone staircase leading up here.
Pikel zaps a wand.
The bolt of acid hits you!
* * * LOW HITPOINT WARNING * * *
The acid corrodes you!
You are splashed with acid!
You die...

........# ......
........##########......
#######.................
#..................
#..................
#..................
#.................
#...............#
##+######.@.....#
#.÷.....# #.......#
#K......#
..p...p.......#
.##p.!#...(...#
#####.......# #.......#
#.......#


You could see Pikel and a slave.

Vanquished Creatures
  Grinder (D:3)
  A sky beast (D:3)
  3 orc wizards
  A bullfrog zombie (D:5)
  A jelly (D:4)
  Jessica (D:3)
  Natasha (D:4)
  6 gnolls
  4 adders
  A dart slug (D:1)
  4 leopard geckos
  11 orcs
  2 giant cockroaches (D:3)
  4 goblins
  6 hobgoblins
  4 jackals (D:1)
  3 kobolds (D:3)
  A quokka (D:4)
  A ball python (D:3)
  2 bats
  11 frilled lizards
  A jackal zombie (D:5)
  3 rats
73 creatures vanquished.

Notes
Turn   | Place    | Note
-------+----------+-------------------------------------------
     0 | D:1      | schauveau the Gargoyle Fighter began the quest for the Orb.
     0 | D:1      | Reached XP level 1. HP: 14/14 MP: 1/1
    61 | D:1      | Reached XP level 2. HP: 9/19 MP: 2/2
   568 | D:2      | Gained mutation: Your natural rate of healing is unusually
                  | fast. [potion of mutation]
   568 | D:2      | Gained mutation: You evolve. [potion of mutation]
   589 | D:2      | Reached XP level 3. HP: 20/24 MP: 3/3
   619 | D:3      | Reached XP level 4. HP: 8/29 MP: 4/4
   779 | D:3      | Reached XP level 5. HP: 30/33 MP: 5/5
   909 | D:5      | Entered Level 5 of the Dungeon
  1168 | D:4      | Reached XP level 6. HP: 25/39 MP: 6/6
  1220 | D:4      | Found a transporter.
  1322 | D:4      | Found a transporter.
  1324 | D:4      | Noticed a fire bat
  1347 | D:3      | Noticed Jessica
  1347 | D:3      | Noticed Natasha
  1347 | D:3      | Noticed Grinder
  1364 | D:4      | Killed Natasha
  1418 | D:3      | Paralysed by Grinder for 3 turns
  1439 | D:3      | Paralysed by Grinder for 7 turns
  1447 | D:3      | Killed Grinder
  1447 | D:3      | Reached skill level 5 in Fighting
  1447 | D:3      | Reached skill level 5 in Axes
  1447 | D:3      | Reached skill level 5 in Armour
  1447 | D:3      | Reached XP level 7. HP: 16/44 MP: 7/7
  1447 | D:3      | Killed Jessica
  1994 | D:4      | Noticed Pikel
  1998 | D:4      | Splashed by Pikel's acid

Skill      XL: |  1  2  3  4  5  6 |
---------------+-------------------+-----
Axes           | 2 3 4 5 |  5.4
Fighting       | 4 5 |  5.4
Armour         | 4 5 |  5.3
Shields        | |  3.2

Action                   |  1- 3 |  4- 6 |  7- 9 || total
-------------------------+-------+-------+-------++-------
Melee: War axe           |   105 |   105 |    61 ||   271
       Unarmed           |       |     2 |       ||     2
  Use: Potion            |     3 |     4 |       ||     7
  Eat: Chunk             |       |     2 |     2 ||     4
Armor: Scale mail        |    83 |    88 |    44 ||   215
       Skin              |       |     1 |       ||     1
Dodge: Dodged            |    75 |    81 |    24 ||   180
